 Dungeon Crawl Stone Soup version 0.32-a0-39-g5c88369fb2 (webtiles) character file.

Game seed: 2660256779167735300

42329 Luihuable the Spear-Bearer (level 13, -7/105 HPs)
             Began as a Demonspawn Berserker on Feb 4, 2024.
             Was the Champion of Trog.
             Mangled by a five-headed hydra (8 damage)
             ... on level 5 of the Lair of Beasts.
             The game lasted 01:09:57 (12952 turns).

Luihuable the Spear-Bearer (Demonspawn Berserker)  Turns: 12952, Time: 01:09:59

Health: -7/105     AC: 19    Str: 21    XL:     13   Next: 84%
Magic:  13/13      EV:  9    Int: 10    God:    Trog [******]
Gold:   784        SH:  0    Dex: 12    Spells: 12/12 levels left

rFire   . . .        Y - +5 demon trident (freeze)
rCold   . . .        (no shield)
rNeg    . . .        A - +0 plate armour
rPois   .            (helmet restricted)
rElec   .            (no cloak)
rCorr   .            f - +0 pair of gloves
SInv    .            X - +2 pair of boots
Will    .....        e - amulet "Xusmek" {Acrobat Regen+} Stlth
                     (no ring)
HPRegen 2.17/turn    (no ring)
MPRegen 0.13/turn

%: acrobat
@: confused, ambrosia-drunk
A: antennae 2, powered by death 2, spiny 1, sturdy frame 1
a: Renounce Religion, Berserk, Trog's Hand, Brothers in Arms


You were on level 5 of the Lair of Beasts.
You worshipped Trog.
Trog was exalted by your worship.
You visited 5 branches of the dungeon, and saw 17 of its levels.

You collected 784 gold pieces.

Inventory:

Hand Weapons
 p - the +6 hand axe "Kelokk" {drain, rPois Will+}
   (You found it on level 3 of the Dungeon)

   rPois:     It protects you from poison Will+: It increases your willpower.
 x - the +8 war axe of Iconoclasm {speed, rCorr MP+9}
   (You found it on level 6 of the Dungeon)

   MP+9:      It affects your magic capacity (+9).
   rCorr:     It protects you from acid and corrosion.
 J - a +3 flail
 K - a +7 halberd
 Y - a +5 demon trident of freezing (weapon)
Missiles
 q - 4 throwing nets
Armour
 f - a +0 pair of gloves (worn)
 o - the +3 ring mail "Elleqogg" {rC+ Will+}
   (You took it off a goblin on level 3 of the Dungeon)

   rC+:       It protects you from cold.
   Will+:     It increases your willpower.
 A - a +0 plate armour (worn)
 F - +0 acid dragon scales
 X - a +2 pair of boots (worn)
Jewellery
 e - the amulet "Xusmek" (around neck) {Acrobat Regen+}
   (You found it on level 2 of the Dungeon)

   [amulet of the acrobat]

   Acrobat:   It increases your evasion while moving and waiting.
   Regen+:    It increases your rate of health regeneration.
 g - a ring of ice
 i - an amulet of guardian spirit
 n - an amulet of the acrobat
Wands
 z - a wand of digging (14)
Scrolls
 b - 5 scrolls of identify
 d - a scroll of enchant armour {unknown}
 j - 3 scrolls of immolation
 s - 7 scrolls of teleportation
 y - 4 scrolls of poison
 C - a scroll of vulnerability
 N - a scroll of noise
 T - a scroll of fog
 Z - a scroll of acquirement {unknown}
Potions
 a - a potion of enlightenment
 h - 12 potions of ambrosia
 k - 2 potions of haste
 m - 5 potions of curing (quivered)
 v - 4 potions of lignification
 L - 2 potions of brilliance
 O - 4 potions of mutation
 R - 4 potions of attraction
 S - a potion of cancellation
 W - a potion of magic
Miscellaneous
 V - a phantom mirror


   Skills:
 + Level 10.9 Fighting
 + Level 11.6(14.0) Axes
 + Level 12.6(14.4) Polearms
 + Level 10.5 Armour
 + Level 4.4 Dodging
 + Level 2.9 Stealth


You had 12 spell levels left.
You didn't know any spells.
Your spell library was empty.

Dungeon Overview and Level Annotations

Branches:
Dungeon (9/15)             Temple (1/1) D:4            Lair (5/5) D:9
 Shoals (1/4) Lair:3        Slime (1/5) Lair:4
  Snake: Lair:2-3    Spider: Lair:2-3       Orc: D:9-12

Altars:
Ashenzari
Cheibriados
Dithmenos
Fedhas
Gozag
Hepliaklqana
Kikubaaqudgha
Makhleb
Nemelex Xobeh
Okawaru
Qazlal
Ru
Sif Muna
Trog
Uskayaw
Vehumet
Wu Jian
Xom
Yredelemnul

Annotations:
Lair:1 exclusion: oklob plant
Lair:5 1 runed translucent door


Innate Abilities, Weirdness & Mutations

You have a pair of antennae on your head.
You regenerate health from kills.
You are partially covered in sharp spines.
Your movements are slightly less encumbered by armour. (ER -2)


Message History

The basilisk bites you but does no damage.
The five-headed hydra is struck by your spines.
The five-headed hydra bites you but does no damage.
The five-headed hydra bites you!
* * * LOW HITPOINT WARNING * * *
The five-headed hydra bites you but does no damage. x3
The komodo dragon bites you but does no damage.
The five-headed hydra is struck by your spines.
The five-headed hydra bites you.
* * * LOW HITPOINT WARNING * * *
The five-headed hydra bites you!
* * * LOW HITPOINT WARNING * * *
The five-headed hydra bites you but does no damage. x3
The steam dragon bites you but does no damage.
The steam dragon claws you but does no damage.
The basilisk bites you.
* * * LOW HITPOINT WARNING * * *
The komodo dragon bites you but does no damage.
The five-headed hydra is struck by your spines.
The five-headed hydra bites you.
* * * LOW HITPOINT WARNING * * *
The five-headed hydra bites you but does no damage.
The five-headed hydra bites you!
* * * LOW HITPOINT WARNING * * *
The five-headed hydra bites you but does no damage. x2
You turn to flesh and can move again.
You are confused.
You feel invigorated.
The five-headed hydra is struck by your spines.
The five-headed hydra bites you.
* * * LOW HITPOINT WARNING * * *
The five-headed hydra bites you but does no damage.
The five-headed hydra bites you.
* * * LOW HITPOINT WARNING * * *
The five-headed hydra bites you.
* * * LOW HITPOINT WARNING * * *
The five-headed hydra closely misses you.
The five-headed hydra bites you but does no damage.
The five-headed hydra bites you!
You die...

...<....## .......## ..#
......)# #... .......# #
###.... ...^...#
8#8#..... .......# #≈
##........ .......##
#≈≈##8........ ........#
##≈≈.llD...# ........#
#≈≈§§#@D9..#.. .......##
#≈≈≈≈#.D...§# .......#
##≈##.§§#...≈§§
......####§≈#..§≈###§§§§
......###≈§§§##§§§≈≈§§§§
......##8≈≈...#≈§######§
.†...####§≈...§§## ..#
.†...###§≈...≈§§# ..
.†...##8≈≈...≈§§# .


You could see 2 five-headed hydras, a komodo dragon, a basilisk, a molten
gargoyle and a steam dragon.

Vanquished Creatures
  The ghost of Fastnbulbous the Nimble, a journeyman DrSh of Makhleb (Lair:2)
  Fannar (Lair:3)
  2 hydras (Lair:5)
  A catoblepas (Lair:2)
  A two-headed ogre (D:8)
  6 death yaks (Lair:4)
  4 skysharks
  A lindwurm (Lair:5)
  10 elephants
  4 black mambas
  Joseph (D:9)
  A torpor snail (Lair:2)
  Jeremiah (D:6)
  8 cane toads
  An unseen horror zombie (D:8)
  Maggie (D:8)
  2 rime drakes (Lair:3)
  11 komodo dragons
  2 queen bees (Lair:2)
  2 polar bears (Lair:2)
  Grinder (D:5)
  2 hornets (Lair:2)
  14 blink frogs
  2 snapping turtles
  A shadow (D:9)
  Sigmund (D:2)
  A water elemental (Lair:3)
  28 yaks
  3 wyverns
  2 basilisks (Lair:5)
  A steam dragon (Lair:5)
  20 water moccasins
  A hornet zombie (D:8)
  6 black bears
  4 orc warriors
  4 ogres
  8 wolves (Lair:1)
  A kobold brigand (D:7)
  2 bullfrogs
  2 scorpions
  A gnoll sergeant (D:6)
  15 wights
  3 wyvern zombies (D:8)
  40 killer bees
  3 electric eels
  3 howler monkeys
  2 lava snakes (Lair:5)
  A gnoll bouda (D:7)
  3 hounds
  10 jellies
  4 bombardier beetles
  4 orc priests
  5 iguanas
  Natasha (thrice) (D:3)
  13 orc wizards
  Terence (D:3)
  A killer bee zombie (D:8)
  Robin (D:2)
  10 gnolls
  3 howler monkey zombies (D:8)
  5 adders
  A shadow imp (D:7)
  A white imp (D:8)
  2 ufetubi (D:7)
  6 ribbon worms
  42 orcs
  6 ball pythons
  9 endoplasms
  13 goblins
  8 hobgoblins
  4 jackals
  11 kobolds
  3 quokkas
  5 bats
  2 frilled lizards
  4 rats
413 creatures vanquished.

Vanquished Creatures (collateral kills)
  Urug (Lair:2)
  4 elephants (Lair:1)
  A basilisk (Lair:1)
  2 bullfrogs (Lair:1)
8 creatures vanquished.

Vanquished Creatures (others)
  A gnoll (D:7)
1 creature vanquished.

Grand Total: 422 creatures vanquished

Notes
Turn   | Place    | Note
-------+----------+-------------------------------------------
     0 | D:1      | Luihuable the Demonspawn Berserker began the quest for the
                  | Orb.
     0 | D:1      | Reached XP level 1. HP: 18/18 MP: 1/1
   201 | D:1      | Reached skill level 3 in Polearms
   228 | D:1      | Gained mutation: You regenerate a little health from kills.
                  | [demonic ancestry]
   228 | D:1      | Reached XP level 2. HP: 24/24 MP: 2/2
   736 | D:2      | Identified the amulet "Xusmek" {Acrobat Regen+}
   840 | D:2      | Noticed Sigmund
   868 | D:2      | Killed Sigmund
   869 | D:2      | Reached skill level 4 in Polearms
   869 | D:2      | Reached skill level 1 in Stealth
   869 | D:2      | Reached XP level 3. HP: 30/30 MP: 3/3
   869 | D:2      | Gained mutation: You regenerate health from kills. [demonic
                  | ancestry]
   869 | D:2      | Reached XP level 4. HP: 37/37 MP: 4/4
   869 | D:2      | Reached XP level 5. HP: 42/42 MP: 5/5
  1213 | D:2      | Identified the +1 robe of Gehenna {^Drain rPois Regen+
                  | Slay+5}
  1368 | D:2      | Reached ** piety under Trog
  1439 | D:2      | Noticed Robin
  1450 | D:2      | Killed Robin
  1844 | D:3      | Gained mutation: You have a pair of small antennae on your
                  | head. [demonic ancestry]
  1844 | D:3      | Reached XP level 6. HP: 45/48 MP: 6/6
  1942 | D:3      | Identified the +3 ring mail "Elleqogg" {rC+ Will+}
  2122 | D:3      | Noticed Natasha
  2131 | D:3      | Killed Natasha
  2168 | D:3      | Noticed Terence
  2176 | D:3      | Killed Terence
  2177 | D:3      | Reached skill level 5 in Polearms
  2335 | D:3      | Noticed Natasha
  2348 | D:3      | Killed Natasha
  2371 | D:3      | Noticed Natasha
  2376 | D:3      | Killed Natasha
  2401 | D:3      | Identified the +6 hand axe "Kelokk" {drain, rPois Will+}
  2543 | D:4      | Reached *** piety under Trog
  2589 | D:4      | Found a radiant altar of Vehumet.
  2654 | D:4      | Found a shimmering altar of Xom.
  2809 | D:4      | Reached XP level 7. HP: 55/55 MP: 7/7
  2872 | D:4      | Found a staircase to the Ecumenical Temple.
  2885 | Temple   | Entered the Ecumenical Temple
  3602 | D:5      | Entered Level 5 of the Dungeon
  3631 | D:5      | Reached skill level 6 in Polearms
  4034 | D:5      | Noticed Grinder
  4049 | D:5      | Killed Grinder
  4050 | D:5      | Gained mutation: You have a pair of antennae on your head.
                  | [demonic ancestry]
  4050 | D:5      | Reached XP level 8. HP: 41/61 MP: 8/8
  4081 | D:5      | Found a snail-covered altar of Cheibriados.
  4104 | D:5      | Reached skill level 7 in Polearms
  4189 | D:5      | Found a broken altar of Ashenzari.
  4296 | D:5      | Reached skill level 5 in Fighting
  4784 | D:6      | Reached **** piety under Trog
  4810 | D:6      | Reached skill level 8 in Polearms
  4942 | D:6      | Noticed Jeremiah
  4975 | D:6      | Killed Jeremiah
  4976 | D:6      | Gained mutation: You are partially covered in sharp spines.
                  | [demonic ancestry]
  4976 | D:6      | Reached XP level 9. HP: 46/68 MP: 9/9
  5056 | D:6      | Identified the +8 war axe of Iconoclasm {speed, rCorr MP+9}
  5413 | D:7      | Reached skill level 9 in Polearms
  5421 | D:7      | Reached skill level 1 in Axes
  5727 | D:7      | Reached skill level 5 in Armour
  5920 | D:7      | Reached ***** piety under Trog
  6233 | D:8      | Noticed Maggie
  6247 | D:8      | Killed Maggie
  6248 | D:8      | Reached skill level 5 in Axes
  6248 | D:8      | Reached XP level 10. HP: 63/77 MP: 10/10
  6324 | D:8      | Noticed a two-headed ogre
  6334 | D:8      | Killed a two-headed ogre
  6417 | D:8      | Found an iron altar of Okawaru.
  6425 | D:8      | Found a bloodstained altar of Trog.
  6474 | D:8      | Found a basalt altar of Yredelemnul.
  7135 | D:9      | Found a staircase to the Lair.
  7135 | D:9      | Noticed an elephant
  7150 | D:9      | Killed an elephant
  7670 | D:9      | Noticed Joseph
  7679 | D:9      | Killed Joseph
  7753 | Lair:1   | Entered Level 1 of the Lair of Beasts
  7753 | Lair:1   | Noticed an elephant
  7753 | Lair:1   | Noticed an elephant
  7753 | Lair:1   | Noticed an elephant
  7753 | Lair:1   | Noticed an elephant
  7754 | Lair:1   | Noticed an elephant
  7758 | Lair:1   | Killed an elephant
  7761 | Lair:1   | Killed an elephant
  7762 | Lair:1   | Reached XP level 11. HP: 76/84 MP: 11/11
  7957 | Lair:1   | Identified the +0 whip of Regicide {pain, *Noise ^Fragile
                  | rC++ Dex+2}
  8358 | Lair:1   | Noticed an oklob plant
  9028 | Lair:1   | Reached skill level 10 in Axes
  9552 | Lair:2   | Noticed a catoblepas
  9567 | Lair:2   | Killed a catoblepas
  9802 | Lair:2   | Found a transporter.
  9805 | Lair:2   | Found a transporter.
  9811 | Lair:2   | Noticed Fastnbulbous's ghost (journeyman DrSh)
  9811 | Lair:2   | Noticed Urug
  9824 | Lair:2   | Gained mutation: Your movements are slightly less
                  | encumbered by armour. (ER -2) [demonic ancestry]
  9824 | Lair:2   | Reached XP level 12. HP: 94/94 MP: 12/12
  9867 | Lair:2   | Killed Fastnbulbous's ghost
  9959 | Lair:2   | Killed Urug
 10887 | Lair:3   | Reached ****** piety under Trog
 10893 | Lair:2   | Reached skill level 10 in Polearms
 11044 | Lair:3   | Received a gift from Trog
 11176 | Lair:3   | Noticed Fannar
 11202 | Lair:3   | Killed Fannar
 11257 | Lair:3   | Reached skill level 11 in Polearms
 11402 | Lair:3   | Reached XP level 13. HP: 56/103 MP: 13/13
 11465 | Lair:3   | Found a staircase to the Shoals.
 11494 | Shoals:1 | Entered Level 1 of the Shoals
 11577 | Shoals:1 | Reached skill level 10 in Fighting
 11855 | Lair:4   | Found a staircase to the Slime Pits.
 12327 | Lair:4   | Reached skill level 12 in Polearms
 12327 | Lair:4   | Reached skill level 10 in Armour
 12573 | Slime:1  | Entered Level 1 of the Pits of Slime
 12580 | Slime:1  | Noticed an acid blob
 12679 | Lair:5   | Entered Level 5 of the Lair of Beasts
 12905 | Lair:5   | Received a gift from Trog
 12918 | Lair:5   | Found a large runed translucent door.
 12951 | Lair:5   | HP: 5/105 [five-headed hydra (3)]
 12951 | Lair:5   | HP: 1/105 [five-headed hydra (4)]
 12952 | Lair:5   | Mangled by a five-headed hydra

Illustrated notes

Levels and vault maps discovered:
D:1:      evilmike_arrival_come_back, layout_loops_ring
D:2:      layout_basic, uniq_robin, uniq_sigmund
D:3:      layout_loops_cross, uniq_terence, uniq_natasha
D:4:      layout_basic, mainiacjoe_overflow_large_starburst,
          minmay_temple_entry_antechambers, chequers_serial_rivers_small_b,
          chequers_hall_statues_y
D:5:      layout_basic, nicolae_ashenzari_skybound, kennysheep_mini,
          kennysheep_generic_room_10, uniq_grinder
D:6:      layout_basic, uniq_jeremiah
D:7:      layout_loops_cross
D:8:      layout_rooms, mainiacjoe_overflow_catch_the_wave,
          mainiacjoe_overflow_catwalk, serial_undead, serial_undead_b,
          serial_undead_e, serial_undead_f, serial_undead_d, serial_undead_f,
          serial_undead_c, serial_undead_e, grunt_decor_cap, uniq_maggie
D:9:      layout_basic, david_lair_generic, serial_park_tiny_2, uniq_joseph
Temple:   regret_index_temple_waves
Lair:1:   layout_layer_cave, gammafunk_lair_bear_cave
Lair:2:   layout_roguey [special_room_bee], gammafunk_ghost_hive,
          serial_bayou_shore_a, uniq_urug
Lair:3:   layout_regular_city, minmay_shoals_entry_hut,
          minmay_snake_entry_six_corridors, uniq_fannar
Lair:4:   layout_cave_pods, nicolae_slime_entry_slimehenge, patterned_corridor
Lair:5:   cheibrodos_lair_end_hotspot, layout_regular_city,
          infiniplex_staircase_pool_2
Shoals:1: layout_shoals, nicolae_shop_firing_range
Slime:1:  layout_caves, nicolae_slime_barrier

Skill      XL: |  1  2  3  4  5  6  7  8  9 10 11 12 13 |
---------------+----------------------------------------+-----
Polearms       | 3 4 5 6 8 9 11 12 | 12.6
Armour         | 2 3 4 5 6 7 9 10 | 10.5
Dodging        | 2 3 4 |  4.4
Stealth        | 1 2 |  2.9
Fighting       | 4 5 6 7 8 9 10 | 10.9
Axes           | 5 8 11 | 11.6

Action                     |  1- 3 |  4- 6 |  7- 9 | 10-12 | 13-15 || total
---------------------------+-------+-------+-------+-------+-------++-------
  Melee: Spear             |    40 |       |       |       |       ||    40
         Punch             |     1 |       |     1 |    11 |     9 ||    22
         Halberd           |       |   221 |   211 |       |       ||   432
         War axe           |       |       |   129 |   370 |     4 ||   503
         Trident           |       |       |    14 |       |       ||    14
         Demon trident     |       |       |       |   250 |   255 ||   505
 Invoke: Berserk           |     1 |     2 |     4 |     2 |     1 ||    10
         Brothers in Arms  |       |       |       |     2 |       ||     2
    Use: Scroll            |       |     6 |    10 |     8 |       ||    24
         Potion            |       |     4 |     3 |     4 |     2 ||    13
   Stab: Sleeping          |     3 |       |     1 |       |       ||     4
         Distracted        |       |       |       |     1 |       ||     1
 Armour: Animal skin       |     3 |       |       |       |       ||     3
         Leather armour    |     5 |    19 |       |       |       ||    24
         Chain mail        |       |   102 |       |       |       ||   102
         Scale mail        |       |    11 |       |       |       ||    11
         Ring mail         |       |    65 |   146 |       |       ||   211
         Plate armour      |       |       |    72 |   423 |   349 ||   844
  Dodge: Dodged            |    12 |   144 |   148 |   215 |    72 ||   591

Table legend: (Time is in decaauts)
 A = Elapsed time spent in this place.
 B = Non-inter-level travel time spent in this place.
 C = Inter-level travel time spent in this place.
 D = Time resting spent in this place.
 E = Time spent auto-exploring this place.
 F = Levels seen in this place.
 G = Mean time per level.
                   A        B        C        D        E       F      G
               +--------+--------+--------+--------+--------+-----+--------+
         Total |  12807 |  10266 |   2541 |      0 |   6736 |  17 |  753.4 |
       Dungeon |   7734 |   6440 |   1294 |      0 |   4366 |   9 |  859.3 |
        Temple |     91 |      3 |     88 |      0 |      0 |   1 |   91.0 |
          Lair |   4900 |   3753 |   1147 |      0 |   2369 |   5 |  980.0 |
        Shoals |     59 |     52 |      7 |      0 |      0 |   1 |   59.0 |
    Slime Pits |     21 |     16 |      5 |      0 |      0 |   1 |   21.0 |
               +--------+--------+--------+--------+--------+-----+--------+

Top non-repeatable levels by time:
  Lair:1: 1717 daAuts
  Lair:2: 1220 daAuts
     D:5: 1016 daAuts
     D:4: 993 daAuts
  Lair:4: 977 daAuts
     D:2: 951 daAuts
     D:3: 930 daAuts
     D:8: 816 daAuts
     D:6: 787 daAuts
     D:7: 766 daAuts
     D:9: 753 daAuts
  Lair:3: 746 daAuts
     D:1: 718 daAuts
  Lair:5: 239 daAuts
  Temple: 91 daAuts
